Map: Tours du crépuscule

Players

Raphou

  • Race: Terran Terran
  • League: Silver
  • Spawn Location: 7:00

zidar - Winner!

  • Race: Zerg Zerg
  • League: Silver
  • Spawn Location: 1:00

VOD

Have the link to the VOD?

Description

Time

  • Played on: Dec. 10, 2015, 1:18 p.m.
  • Length: 26:53
Show
View Real Time Build Order
Export as new Build Order

Raphou Terran 

Build Orders:  

Get SALT Encoding   

  12  0:01  SCV  
  13  0:13  SCV  
  14  0:22  Supply Depot  
  14  0:25  SCV  
  15  0:44  SCV  
  15  0:45  Barracks  
  16  1:18  Supply Depot  
  16  1:19  Command Center  
  16  1:28  SCV  
  17  1:37  Marine  
  18  1:41  Orbital Command  
  18  2:12  Marine  
  19  2:16  Barracks  
  19  2:17  Bunker  
  19  2:19  Barracks  
  19  2:21  SCV  
  20  2:33  SCV  
  20  2:36  Marine  
  21  2:44  Orbital Command  
  22  2:51  SCV  
  22  2:54  Refinery  
  22  2:56  Refinery  
  22  3:02  Marine  
  22  3:03  SCV  
  24  3:15  SCV x2  
  26  3:25  Marine  
  26  3:26  Marine x2  
  29  3:34  Bunker  
  29  3:38  SCV x2  
  31  3:48  Barracks Tech Lab  
  31  3:49  Barracks Tech Lab  
  31  3:55  Factory  
  32  4:00  Barracks Reactor  
  32  4:02  SCV x2  
  33  4:14  Engineering Bay  
  33  4:19  SCV x2  
  33  4:23  Marauder x2  
  39  4:28  Stimpack  
  39  4:47  Command Center  
  39  4:52  Missile Turret  
  39  5:03  Starport  
  39  5:06  Barracks Reactor  
  43  5:15  SCV x2  
  43  5:19  Widow Mine x2  
  43  5:20  Supply Depot  
  45  5:23  Missile Turret  
  45  5:27  SCV  
  46  5:37  Supply Depot  
  46  5:40  Supply Depot  
  46  5:41  SCV  
  46  5:42  Marauder x2  
  51  5:58  Supply Depot  
  51  6:03  Starport Reactor  
  51  6:10  Refinery  
  51  6:13  Refinery  
  51  6:16  Marine  
  51  6:17  Marauder x2  
  60  6:22  Widow Mine x2  
  60  6:24  Planetary Fortress  
  60  6:28  SCV  
  61  6:38  SCV  
  62  6:40  SCV  
  62  6:41  Marauder  
  62  6:43  Medivac  
  67  6:47  Medivac  
  70  6:54  SCV x2  
  71  7:11  Marine x4  
  75  7:17  Combat Shield  
  75  7:19  Medivac x2  
  79  7:29  Marine x4  
  87  7:31  Widow Mine x2  
  87  7:35  Missile Turret  
  87  7:36  Missile Turret  
  87  7:47  Marine x2, Marauder  
  87  7:48  Marauder  
  93  7:56  Missile Turret  
  93  7:59  Missile Turret  
  93  8:00  Missile Turret  
  93  8:04  Marine  
  93  8:05  Marine, SCV  
  100  8:08  Marine  
  100  8:09  Widow Mine x2  
  101  8:28  Supply Depot  
  101  8:31  Marine x2  
  101  8:32  Marauder x2, SCV, Supply Depot  
  108  8:44  SCV  
  108  8:56  SCV  
  99  9:09  Marine x3  
  94  9:19  Missile Turret x2  
  92  9:25  Missile Turret x2  
  92  9:28  Missile Turret x2  
  92  9:29  Missile Turret  
  92  9:30  Missile Turret, SCV  
  93  9:32  Marine  
  94  9:42  SCV  
  95  9:52  Missile Turret  
  95  9:54  SCV  
  95  9:56  Engineering Bay  
  95  9:59  Armory  
  96  10:06  SCV  
  97  10:22  Missile Turret  
  97  10:25  Missile Turret  
  97  10:29  Marine  
  97  10:30  Marine x2, Marauder  
  97  10:33  Medivac  
  104  10:40  SCV  
  105  10:47  Marine  
  105  10:48  Marauder  
  108  10:52  SCV  
  108  10:56  Missile Turret, Terran Infantry Weapons Level 1  
  109  11:02  Armory  
  109  11:03  Missile Turret  
  109  11:04  SCV  
  109  11:05  Terran Vehicle Weapons Level 1  
  109  11:10  Medivac  
  112  11:13  Medivac  
  114  11:28  SCV x2  
  120  11:33  Widow Mine x2  
  120  11:40  SCV  
  120  11:41  Marine x3, Marauder  
  126  11:53  Barracks  
  126  11:58  Marine  
  126  11:59  Marine, Marauder  
  130  12:02  Marauder  
  132  12:12  SCV  
  133  12:23  Marine x3  
  133  12:24  Marauder, SCV  
  133  12:25  Supply Depot  
  133  12:26  Supply Depot  
  139  12:36  SCV  
  140  12:41  Marine  
  141  12:45  Marine, Marauder  
  141  12:48  SCV  
  135  12:58  Marine  
  135  12:59  Marine, Marauder  
  135  13:03  Marine  
  136  13:07  Marauder  
  122  13:16  Marine  
  122  13:17  Marine  
  124  13:20  Marauder  
  124  13:21  Marine  
  118  13:27  Medivac x2  
  118  13:28  Marine, SCV x2  
  125  13:34  Marine x2  
  125  13:35  SCV  
  125  13:38  Marine  
  125  13:40  SCV  
  130  13:42  Marauder  
  130  13:43  Missile Turret  
  130  13:44  Missile Turret  
  130  13:46  Marauder  
  130  13:47  SCV x2  
  136  13:52  Marine x2, SCV  
  128  13:56  Marine  
  128  13:59  SCV x2  
  131  14:03  Marauder  
  131  14:04  SCV  
  131  14:07  Marauder  
  136  14:10  Marine x2  
  136  14:11  SCV  
  136  14:14  Marine  
  140  14:17  SCV x2  
  140  14:23  SCV  
  147  14:25  Marauder, Missile Turret  
  147  14:27  Missile Turret  
  147  14:28  Marine  
  147  14:29  Marauder  
  147  14:30  Widow Mine x2  
  153  14:32  Marine, Barracks Reactor  
  153  14:35  Terran Infantry Weapons Level 2  
  153  14:37  Barracks  
  153  14:39  Terran Infantry Armor Level 1  
  153  14:41  Medivac x2  
  157  15:04  Missile Turret  
  157  15:36  Marine  
  157  15:37  Marine x3, SCV x2  
  157  15:38  Marauder x2  
  157  16:02  Supply Depot  
  157  16:03  Supply Depot  
  157  16:04  Supply Depot  
  157  16:07  Orbital Command  
  157  16:10  Marauder  
  157  16:23  Marine x4, SCV  
  157  16:24  Marauder  
  164  16:31  Marauder  
  166  16:33  SCV  
  166  16:36  Refinery, SCV  
  166  16:38  Refinery  
  168  16:41  Marine x4  
  168  16:44  Barracks Reactor  
  168  16:45  Marauder, SCV  
  175  16:48  Concussive Shells, SCV  
  175  16:50  Medivac  
  175  16:51  Medivac  
  180  16:57  Missile Turret, SCV  
  181  17:08  Marine x4, Supply Depot  
  181  17:09  Marauder x2, SCV, Supply Depot  
  181  17:10  SCV  
  191  17:21  Marine x2, SCV  
  194  17:26  Marine x3  
  197  17:30  Marine, Marauder  
  200  17:43  Refinery  
  200  17:44  Refinery  
  200  17:58  Marine x6, Marauder x2  
  173  18:20  Marauder x2  
  173  18:36  Marine x4  
  173  18:37  Marine x2  
  173  18:41  Marauder x2  
  182  18:47  Medivac x2  
  186  18:54  Marine x3  
  189  19:02  Marine, Marauder x2  
  173  19:03  Marine x2  
  173  19:06  SCV  
  177  19:12  Marine x3  
  180  19:19  SCV  
  180  19:20  Marine  
  180  19:23  Orbital Command  
  180  19:24  Marauder x2  
  186  19:30  Marine x5  
  186  19:31  SCV  
  192  19:35  Missile Turret  
  192  19:37  Missile Turret x4  
  192  19:38  Marine  
  192  19:40  Missile Turret  
  192  19:41  Missile Turret  
  192  19:42  Missile Turret  
  192  19:43  SCV  
  192  19:45  Marauder x2  
  198  19:47  Medivac  
  102  20:33  Barracks  
  102  20:35  Barracks  
  102  20:37  Barracks  
  102  20:39  Barracks  
  102  20:40  Barracks  
  97  21:38  Marine x2  
  97  21:39  Marine x2  
  84  21:53  Bunker  
  84  21:56  Marine x3  
  84  21:57  Marine  
  87  22:03  Bunker  
  87  22:10  Bunker  
  87  22:14  Marine  
  87  22:15  Marine x5, Bunker  
  88  22:20  Marine x3  
  89  22:32  Marine x2  
  89  22:33  Marine x4  
  82  22:38  Marine x2  
  84  22:50  Marine x2  
  83  22:54  Marine x3  
  79  23:04  Command Center  
  77  23:08  Marine x2  
  77  23:12  Marine x3  
  74  23:50  Marine x3  
  74  23:51  Marine x2  
  74  24:04  Supply Depot x2  
  74  24:05  Supply Depot  
  74  24:16  Marine x4  
  78  24:18  Supply Depot  
  78  24:20  Supply Depot  
  78  24:22  Supply Depot  
  78  24:26  Marine  
  79  24:33  Marine x4  
  83  24:43  Marine  
  84  24:51  Marine x4  
  81  25:01  Marine  
  74  25:09  Marine x4  
  74  25:14  Refinery  
  74  25:16  Refinery  
  74  25:19  Marine, Engineering Bay  
  75  25:21  Starport Reactor  
  75  25:27  Marine x3  
Show
View Real Time Build Order
Export as new Build Order

zidar Zerg - Winner!

Build Orders: Hatch First, Muta Ling Bane 

Get SALT Encoding   

  12  0:02  Drone  
  13  0:14  Overlord  
  13  0:17  Drone  
  14  0:32  Drone x2  
  16  0:37  Drone  
  17  0:56  Hatchery  
  16  0:58  Drone  
  16  1:02  Extractor  
  16  1:12  Drone  
  17  1:20  Spawning Pool  
  16  1:30  Drone  
  16  1:32  Drone  
  18  1:35  Overlord  
  18  1:48  Drone  
  18  2:07  Queen  
  20  2:10  Zergling x2  
  20  2:11  Zergling x2  
  22  2:18  Metabolic Boost  
  22  2:24  Zergling x2  
  22  2:26  Drone x3  
  26  2:42  Queen  
  28  2:53  Overlord x2  
  28  2:56  Overlord  
  28  3:14  Drone x4  
  32  3:29  Extractor  
  32  3:32  Baneling Nest  
  30  3:39  Hatchery  
  29  3:42  Drone x3  
  32  3:49  Queen  
  34  4:04  Queen  
  36  4:10  Drone x4  
  40  4:23  Drone  
  41  4:29  Zergling x4  
  41  4:30  Zergling x10  
  48  4:41  Spore Crawler  
  47  4:58  Extractor  
  46  5:02  Extractor  
  45  5:20  Lair  
  45  5:23  Zergling x26  
  45  5:27  Baneling x3  
  45  5:28  Baneling x6  
  58  5:50  Spore Crawler  
  58  5:54  Drone  
  58  5:57  Overlord x2  
  58  5:58  Overlord x2  
  58  6:14  Overlord x2  
  58  6:15  Queen  
  60  6:24  Spire  
  59  6:27  Drone  
  59  6:29  Drone  
  61  7:00  Drone x6  
  61  7:01  Drone  
  68  7:43  Mutalisk x6  
  68  7:44  Mutalisk x4  
  70  7:49  Pneumatized Carapace  
  88  7:57  Drone x4  
  93  7:58  Drone  
  93  7:59  Drone  
  93  8:02  Drone  
  95  8:15  Baneling x4  
  95  8:16  Baneling x7  
  95  8:17  Baneling  
  95  8:18  Baneling x2  
  95  8:26  Centrifical Hooks  
  95  8:37  Overlord x3  
  94  8:49  Extractor  
  94  8:52  Extractor  
  83  9:25  Queen  
  85  9:32  Mutalisk  
  85  9:33  Mutalisk x5  
  97  9:48  Evolution Chamber  
  97  9:50  Evolution Chamber  
  95  10:01  Infestation Pit  
  95  10:02  Zerg Flyer Weapons Level 1  
  94  10:35  Drone  
  94  10:36  Drone x9  
  94  10:37  Drone  
  94  10:38  Drone x7  
  112  10:49  Zergling x2  
  116  10:50  Zergling x16  
  116  10:53  Overlord  
  116  10:54  Overlord x3  
  121  11:00  Overseer  
  121  11:12  Mutalisk x6  
  133  11:39  Hatchery  
  132  11:42  Hatchery  
  131  11:58  Hive  
  131  12:01  Zerg Missile Weapons Level 1, Zerg Ground Armor Level 1  
  131  12:02  Zerg Flyer Weapons Level 2  
  131  12:33  Overlord x6  
  131  12:34  Overlord x2  
  113  13:22  Spawning Pool  
  107  14:10  Zerg Missile Weapons Level 2  
  107  14:11  Zerg Ground Armor Level 2  
  107  14:21  Adrenal Glands  
  107  14:24  Ultralisk Cavern  
  106  14:42  Drone x7  
  106  14:43  Drone  
  106  14:44  Drone  
  115  14:47  Queen  
  117  15:24  Extractor  
  116  15:41  Queen  
  117  15:44  Zergling x2  
  117  15:45  Zergling x24  
  130  16:00  Chitinous Plating  
  130  16:13  Baneling x9  
  130  16:16  Baneling  
  129  17:08  Zerg Missile Weapons Level 3  
  129  17:09  Zerg Ground Armor Level 3  
  114  18:15  Ultralisk x4  
  114  18:16  Ultralisk x4  
  114  18:17  Ultralisk x4  
  114  18:18  Ultralisk  
  104  20:31  Mutalisk x3  
  104  20:32  Mutalisk x7  
  103  21:57  Ultralisk Cavern  
  102  24:22  Ultralisk  
  102  24:23  Ultralisk x2  
  120  24:32  Hatchery  
  115  25:29  Spawning Pool  
  102  26:27  Mutalisk x3  
  102  26:28  Mutalisk  
Tags
 
Add a new tag
Caveats
  • Supply blocks, unpowered buildings, or Contaminate may cause inaccurate times.
  • Supply counts are checked every 10 seconds.